 Dungeon Crawl Stone Soup version 0.22.0-49-gab54619674 (webtiles) character file.

62219 Morbidden the Brawler (level 14, -1/204 HPs)
             Began as a Troll Berserker on Sept 3, 2018.
             Was a High Priest of Trog.
             Killed by divine providence
             ... invoked by a meliai
              (14 damage)
             ... on level 13 of the Dungeon on Sept 4, 2018.
             The game lasted 01:03:57 (18152 turns).

Morbidden the Brawler (Troll Berserker)            Turns: 18152, Time: 01:04:00

Health: -1/204     AC: 27    Str: 32    XL:     14   Next: 63%
Magic:  13/13      EV:  1    Int:  3    God:    Trog [*****.]
Gold:   1582       SH:  0    Dex: 13    Spells: 13/13 levels left

rFire    + . .     SeeInvis .     - Unarmed
rCold    x . .     Gourm    +   (no shield)
rNeg     + + +     Faith    .   (armour currently unavailable)
rPois    +         Spirit   .   (helmet currently unavailable)
rElec    .         Reflect  .   (cloak currently unavailable)
rCorr    .         Harm     .   (gloves unavailable)
MR       +....     NoTele   +   (boots unavailable)
Stlth    +.........             (no amulet)
HPRegen  0.84/turn              P - ring of fire
MPRegen  0.13/turn              f - +4 ring of dexterity

@: confused, tree-form, berserk cooldown, slowed, very slow
A: large, unfitting armour, fast metabolism 3, gourmand, regeneration 1
a: Berserk, Trog's Hand, Brothers in Arms, Renounce Religion


You were on level 13 of the Dungeon.
You worshipped Trog.
Trog was extremely pleased with you.
You were not hungry.
You were a tree.
You visited 2 branches of the dungeon, and saw 19 of its levels.
You visited the Abyss 1 time.
You also visited: Sewer and Volcano.

You collected 1582 gold pieces.

Inventory:

Missiles
 d - 8 tomahawks of returning
 h - 2 throwing nets
 y - 23 tomahawks (quivered)
 G - 7 javelins
 H - 20 large rocks
 V - 10 javelins of returning
 W - 2 javelins of penetration
Armour
 t - a +2 robe of resistance
 C - the +5 ice dragon scales "Vizxink" (melded) {rF- rC++ rN+ MR+ Str-4}
   (You acquired it on level 1 of the Lair of Beasts)

   It affects your strength (-4).
   It makes you vulnerable to fire.
   It greatly protects you from cold.
   It protects you from negative energy.
   It affects your resistance to hostile enchantments.
Jewellery
 f - a +4 ring of dexterity (right branch)
 q - an uncursed amulet of magic regeneration
 w - an uncursed ring of protection from cold
 z - an uncursed ring of poison resistance
 P - a ring of fire (left branch)
 U - a +2 ring of intelligence {unknown}
 X - an uncursed amulet of guardian spirit {unknown}
Wands
 a - a wand of clouds (7)
 o - a wand of iceblast (33)
 s - a wand of polymorph (10)
 A - a wand of acid (17)
 I - a wand of scattershot (3)
 K - a wand of disintegration (37)
 S - a wand of digging (8)
 Y - a wand of enslavement (7)
 Z - a wand of random effects (30)
Scrolls
 e - 11 scrolls of remove curse
 j - 4 scrolls of teleportation
 p - 4 scrolls of fog
 u - 5 scrolls of enchant weapon
 v - a scroll of immolation {unknown}
 E - a scroll of fear
 L - 3 scrolls of vulnerability {unknown}
 M - a scroll of holy word {unknown}
 N - a scroll of enchant armour
 Q - a scroll of summoning {unknown}
Potions
 c - 4 potions of flight
 g - 5 potions of brilliance
 i - 2 potions of invisibility {unknown}
 k - a potion of lignification
 l - 5 potions of might
 n - 5 potions of curing
 r - a potion of magic
 x - a potion of haste
 B - 3 potions of berserk rage
 F - 4 potions of resistance
 J - 2 potions of agility
 O - a potion of ambrosia
 R - 2 potions of mutation {unknown}
Comestibles
 b - 33 rations


   Skills:
 * Level 8.2 Fighting
 * Level 8.6 Throwing
 + Level 5.4 Armour
 + Level 8.1 Dodging
 + Level 18.6 Unarmed Combat
 + Level 0.1 Evocations


You had 13 spell levels left.
You didn't know any spells.
Your spell library was empty.

Dungeon Overview and Level Annotations

Branches:
Dungeon (13/15)            Temple (0/1) D:4            Lair (6/6) D:9
 Shoals (0/4) Lair:2       Spider (0/4) Lair:4        Slime (0/5) Lair:5
    Orc (0/2) D:9
 Vaults: D:13-14

Altars:
Ashenzari
Makhleb
Okawaru
Wu Jian
Zin
Beogh
Jiyva

Shops:
D:10 *

Annotations:
D:10 exclusion: ice statue


Innate Abilities, Weirdness & Mutations

You are too large for most types of armour.
((You have claws for hands.))
Your metabolism is lightning-fast.
You like to eat raw meat.
Your natural rate of healing is unusually fast.
((You are covered in fur. (AC +1)))
((You have very tough skin. (AC +2)))


Message History

* * * LOW HITPOINT WARNING * * *
x2 The meliai stings you.
* * * LOW HITPOINT WARNING * * *
The meliai hits you but does no damage.
The meliai stings you but does no damage.
The meliai hits you but does no damage.
The meliai stings you but does no damage.
The meliai hits you with a hand axe of chopping!
* * * LOW HITPOINT WARNING * * *
x2 The meliai stings you but does no damage.
Unknown command.
Unknown command.
Unknown command.
You are confused.
You feel invigorated. The meliai hits you with a hand axe.
* * * LOW HITPOINT WARNING * * *
The meliai stings you but does no damage.
The meliai calls down the wrath of its god upon you.
Something smites you!
You die...

*,,* *,,....>....#*,.# *,,**,*
*,,* *,..........#*..# *,,**,*
*,,* *,..........##..# *,,**,*
*,,* *,..........##..# *,,**,*
*,,* *<..........##..# *,,**,*
**,,****,..............# *,,,,,,
,,,,,,,,,..............# *,,,,,,
≈≈≈≈≈≈≈,,..........).>.# *,,,,,,
≈*****≈,,......y♣.##)..# *,,**,,
≈*,,,*≈,,.......yy##.†.# *,,**,,
≈,,∩,*≈,,.........##.(.####..**,,
≈*,,,*≈,,.........##.(.......**,,
≈*****≈,,..a......##..####...**,,
≈≈≈≈≈≈≈,,.........##..# *,,.**,,
,,,,,,,,,.##......##..# *,,,**,,
***,,,,,,,*#......##..# *,,,**,,
*,,,,,,,**,,...,*#..# *,,,**,,


You could see a soldier ant and 3 meliai.

Vanquished Creatures
  A balrug (Abyss:4)
  6 dire elephants (Lair:6)
  A blizzard demon (Abyss:4)
  Snorg (D:12)
  4 hydras
  2 anacondas
  4 two-headed ogres
  7 death yaks
  2 thrashing horrors (Abyss:4)
  Sonja (Lair:1)
  A sun demon (Abyss:4)
  Nergalle (Lair:3)
  An unseen horror (D:11)
  A deep elf mage (D:12)
  4 large abominations
  3 ugly things
  3 cyclopes
  A centaur zombie (D:11)
  14 elephants
  8 black mambas
  2 orange demons (Abyss:1)
  A gargoyle (D:10)
  2 smoke demons
  6 spiny frogs
  A rime drake (Lair:5)
  A kobold demonologist (D:12)
  7 komodo dragons
  A silent spectre (Abyss:4)
  A troll (D:11)
  2 ancient zymes
  2 polar bears (D:12)
  15 blink frogs
  2 hornets (D:11)
  4 slime creatures (D:12)
  8 hippogriffs
  A raiju (Abyss:2)
  Sigmund (D:2)
  2 centaur simulacra (D:12)
  A redback (Lair:4)
  11 yaks
  A ynoxinul (Abyss:4)
  The ghost of AlolanVulpixel the Slasher, an amateur DrCK of Xom (D:4)
  2 basilisks
  A wyvern (Lair:3)
  A hungry ghost (D:8)
  A neqoxec (Abyss:1)
  A steam dragon (Lair:3)
  2 chaos spawn
  14 water moccasins
  An acid dragon (D:11)
  3 porcupines
  4 ice beasts
  5 sky beasts
  10 orc warriors
  An eye of draining (Abyss:4)
  A black bear (D:10)
  3 phantoms
  A hornet zombie (D:3)
  2 necrophages
  15 wolves
  3 centaurs
  8 ogres
  15 crocodiles
  A big kobold (D:12)
  10 bullfrogs
  7 small abominations
  2 scorpions
  5 killer bees (D:10)
  20 wights
  6 howler monkeys
  2 electric eels
  3 crimson imps
  A bullfrog zombie (D:7)
  5 hounds
  3 jellies
  10 orc priests
  A bullfrog skeleton (D:4)
  A centaur skeleton (D:8)
  5 iguanas
  Ijyb (D:3)
  16 orc wizards
  6 worker ants
  3 bullfrog simulacra (D:12)
  A worker ant zombie (D:9)
  15 adders
  3 gnolls (D:6)
  A howler monkey skeleton (D:6)
  3 shadow imps
  4 white imps (D:12)
  4 ufetubi (D:12)
  7 oozes
  An adder skeleton (D:10)
  9 worms
  2 dart slugs
  4 leopard geckos
  81 orcs
  2 ball pythons
  7 giant cockroaches
  9 goblins
  2 hobgoblins
  17 jackals
  6 kobolds
  2 quokkas
  12 bats
  8 frilled lizards
  A quokka zombie (D:7)
  4 rats
  2 fungi
  6 plants (Lair:6)
554 creatures vanquished.

Vanquished Creatures (collateral kills)
  A hydra (Lair:1)
  A molten gargoyle (Volcano)
  Psyche (D:11)
  3 hell hounds (Volcano)
  2 orc warriors (D:9)
  4 centaurs (Volcano)
  A bullfrog (Lair:2)
13 creatures vanquished.

Vanquished Creatures (others)
  2 fungi
  A lurking horror (Abyss:4)
  4 plants (Lair:6)
  4 starspawn tentacles
11 creatures vanquished.

Grand Total: 578 creatures vanquished

Notes
Turn   | Place    | Note
-------+----------+-------------------------------------------
     0 | D:1      | Morbidden the Troll Berserker began the quest for the Orb.
     0 | D:1      | Reached XP level 1. HP: 22/22 MP: 0/0
   179 | D:1      | Reached XP level 2. HP: 29/29 MP: 1/1
   834 | D:2      | Reached skill level 4 in Unarmed Combat
   899 | D:2      | Noticed Sigmund
   939 | D:2      | Killed Sigmund
   939 | D:2      | Reached skill level 5 in Unarmed Combat
   939 | D:2      | Reached XP level 3. HP: 34/37 MP: 2/2
   939 | D:2      | Reached XP level 4. HP: 41/45 MP: 3/3
   939 | D:2      | Reached XP level 5. HP: 49/53 MP: 4/4
  1036 | D:2      | Reached ** piety under Trog
  1185 | D:2      | Reached skill level 6 in Unarmed Combat
  1574 | D:3      | Noticed Ijyb
  1583 | D:3      | Killed Ijyb
  1774 | D:3      | Reached XP level 6. HP: 41/61 MP: 5/5
  1809 | D:3      | Found an ornate altar of the Wu Jian Council.
  2269 | D:4      | Found a staircase to the Ecumenical Temple.
  2347 | D:4      | Reached skill level 7 in Unarmed Combat
  2403 | D:4      | Found an iron altar of Okawaru.
  2411 | D:4      | Reached XP level 7. HP: 64/67 MP: 6/6
  2431 | D:4      | Reached skill level 8 in Unarmed Combat
  2486 | D:4      | Reached *** piety under Trog
  2568 | D:4      | Found a large runed door.
  2568 | D:4      | Found a large runed door.
  2569 | D:4      | Noticed AlolanVulpixel's ghost (amateur DrCK)
  2609 | D:4      | Killed AlolanVulpixel's ghost
  2609 | D:4      | Reached skill level 9 in Unarmed Combat
  2636 | D:4      | Found a shattered altar of Ashenzari.
  2686 | D:4      | Reached XP level 8. HP: 74/75 MP: 7/7
  2764 | D:4      | Noticed a two-headed ogre
  2769 | D:4      | Killed a two-headed ogre
  2769 | D:4      | Reached skill level 10 in Unarmed Combat
  2881 | D:5      | Entered Level 5 of the Dungeon
  3077 | D:5      | Reached skill level 11 in Unarmed Combat
  3188 | D:5      | Reached XP level 9. HP: 68/84 MP: 8/8
  3447 | D:6      | Found an ornate altar of the Wu Jian Council.
  3620 | D:6      | Found a glowing drain.
  3645 | D:6      | Reached **** piety under Trog
  3670 | Sewer    | Entered a sewer
  4323 | D:6      | Reached skill level 1 in Throwing
  4323 | D:6      | Reached skill level 12 in Unarmed Combat
  5058 | D:7      | Reached ***** piety under Trog
  5901 | D:8      | Reached XP level 10. HP: 48/92 MP: 9/9
  6035 | D:8      | Reached skill level 13 in Unarmed Combat
  6046 | D:8      | Received a gift from Trog
  6538 | D:8      | Noticed a two-headed ogre
  6547 | D:8      | Killed a two-headed ogre
  6783 | D:9      | Found a roughly hewn altar of Beogh.
  6783 | D:9      | Found a staircase to the Orcish Mines.
  6934 | D:9      | Reached skill level 14 in Unarmed Combat
  6940 | D:9      | Found a staircase to the Lair.
  7847 | D:10     | Entered Level 10 of the Dungeon
  7862 | D:10     | Found Cicluys's Assorted Antiques.
  7890 | D:10     | Got an opalescent robe
  7901 | D:10     | Identified the cursed +1 robe of Shadows and Fog {*Corrode
                  | rElec rN++} (You found it on level 10 of the Dungeon)
  8046 | D:10     | Noticed a gargoyle
  8051 | D:10     | Killed a gargoyle
  8126 | D:10     | Noticed an ice statue
  8606 | D:11     | Reached XP level 11. HP: 100/100 MP: 10/10
  8668 | D:11     | Reached skill level 5 in Dodging
  8671 | D:11     | Killed an unseen horror
  8671 | D:11     | Reached skill level 15 in Unarmed Combat
  8678 | D:11     | HP: 5/101 [poisoned by a hornet]
  8981 | D:11     | Found a burning altar of Makhleb.
  8983 | D:11     | Noticed a cyan ugly thing
  8994 | D:11     | Killed a cyan ugly thing
  9041 | D:11     | Noticed Psyche
  9045 | D:11     | Killed Psyche
  9372 | Lair:1   | Entered Level 1 of the Lair of Beasts
  9373 | Lair:1   | Identified a scroll of acquirement
  9376 | Lair:1   | Got spiked ice dragon scales
  9378 | Lair:1   | Identified the +5 ice dragon scales "Vizxink" {rF- rC++ rN+
                  | MR+ Str-4} (You acquired it on level 1 of the Lair of
                  | Beasts)
  9452 | Lair:1   | Found a dark tunnel.
  9499 | Volcano  | Entered a volcano
  9515 | Volcano  | Noticed a two-headed ogre
  9520 | Volcano  | Killed a two-headed ogre
  9904 | Lair:1   | Noticed a five-headed hydra
  9909 | Lair:1   | Killed a six-headed hydra
  9962 | Lair:1   | Noticed Sonja
 10398 | Lair:1   | Received a gift from Trog
 10418 | Lair:1   | Reached skill level 16 in Unarmed Combat
 10616 | Lair:1   | Cast into level 1 of the Abyss (Sonja)
 10616 | Abyss:1  | Found a corrupted altar of Lugonu.
 10731 | Abyss:1  | Noticed a tentacled starspawn
 10903 | Abyss:1  | Noticed a wretched star
 10908 | Abyss:2  | Found a corrupted altar of Lugonu.
 10948 | Abyss:2  | Noticed a tentacled starspawn
 10967 | Abyss:2  | Noticed a thrashing horror
 10969 | Abyss:2  | Noticed a thrashing horror
 11028 | Abyss:2  | Noticed a hell hog
 11062 | Abyss:2  | Noticed a starcursed mass
 11077 | Abyss:2  | Noticed a starcursed mass
 11096 | Abyss:2  | Noticed a thrashing horror
 11101 | Abyss:2  | Found a corrupted altar of Lugonu.
 11150 | Abyss:2  | Noticed a tentacled starspawn
 11190 | Abyss:2  | Reached XP level 12. HP: 110/110 MP: 11/11
 11245 | Abyss:4  | Noticed a bone dragon
 11289 | Abyss:4  | Reached skill level 5 in Fighting
 11289 | Abyss:4  | Reached skill level 5 in Throwing
 11323 | Abyss:4  | Noticed a reaper
 11330 | Abyss:4  | Found a corrupted altar of Lugonu.
 11372 | Abyss:4  | Noticed a starcursed mass
 11399 | Abyss:4  | Noticed a starcursed mass
 11418 | Abyss:4  | Noticed a tentacled starspawn
 11471 | Abyss:4  | Noticed a tentacled starspawn
 11491 | Abyss:4  | Noticed a purple draconian shifter
 11511 | Abyss:4  | Noticed a bone dragon
 11609 | Abyss:4  | Noticed a blizzard demon
 11613 | Abyss:4  | Noticed a merfolk impaler
 11628 | Abyss:4  | Killed a blizzard demon
 11730 | Abyss:4  | Noticed a balrug
 11745 | Abyss:4  | Killed a balrug
 11756 | Lair:1   | Escaped the Abyss
 11917 | Lair:1   | Killed Sonja
 12002 | Lair:2   | Noticed a five-headed hydra
 12011 | Lair:2   | Killed a six-headed hydra
 12207 | Lair:2   | Reached skill level 17 in Unarmed Combat
 12526 | Lair:2   | Found a staircase to the Shoals.
 12903 | Lair:3   | Reached XP level 13. HP: 77/120 MP: 12/12
 13064 | Lair:3   | Reached skill level 1 in Armour
 13347 | Lair:3   | Noticed Nergalle
 13355 | Lair:3   | Killed Nergalle
 14101 | Lair:4   | Found a hole to the Spider Nest.
 14810 | Lair:5   | Received a gift from Trog
 14956 | Lair:5   | Found a staircase to the Slime Pits.
 14957 | Lair:5   | Found a viscous altar of Jiyva.
 15100 | Lair:5   | Found a glowing silver altar of Zin.
 15358 | Lair:6   | Entered Level 6 of the Lair of Beasts
 15856 | Lair:6   | Reached skill level 18 in Unarmed Combat
 15912 | Lair:6   | Reached XP level 14. HP: 91/133 MP: 13/13
 15919 | Lair:6   | Received a gift from Trog
 17223 | D:12     | Reached skill level 5 in Armour
 17553 | D:12     | Received a gift from Trog
 17908 | D:12     | Noticed Snorg
 17913 | D:12     | Killed Snorg
 18142 | D:13     | Received a gift from Trog
 18152 | D:13     | Killed from afar by a meliai

Skill      XL: |  1  2  3  4  5  6  7  8  9 10 11 12 13 14 |
---------------+-------------------------------------------+-----
Unarmed Combat | 5 6 7 9 11 12 14 16 17 18 | 18.6
Fighting       | 3 4 6 7 8 |  8.2
Dodging        | 3 4 6 7 8 |  8.1
Throwing       | 2 3 4 6 8 |  8.6
Armour         | 4 5 |  5.4
Evocations     | |  0.1

Action                   |  1- 3 |  4- 6 |  7- 9 | 10-12 | 13-15 || total
-------------------------+-------+-------+-------+-------+-------++-------
Melee: Unarmed           |    51 |   117 |   303 |   523 |   531 ||  1525
       Punch             |     1 |     1 |     8 |    35 |    52 ||    97
Throw: Stone             |       |     3 |       |       |    13 ||    16
       Tomahawk          |       |       |       |    22 |    63 ||    85
       Large rock        |       |       |       |    11 |       ||    11
Invok: Berserk           |     1 |     1 |     4 |     7 |     5 ||    18
       Trog's Hand       |       |     1 |     1 |    10 |     2 ||    14
       Brothers in Arms  |       |       |       |     5 |     2 ||     7
Evoke: Wand              |       |       |       |       |     4 ||     4
  Use: Scroll            |     1 |     5 |     5 |    27 |     3 ||    41
       Potion            |     1 |       |     1 |     9 |     6 ||    17
 Stab: Sleeping          |       |       |     2 |     1 |       ||     3
  Eat: Chunk             |     4 |    19 |    36 |    52 |    52 ||   163
       Ration            |     1 |       |       |     8 |       ||     9
Armor: Animal skin       |    15 |    46 |     4 |       |       ||    65
       Robe              |       |       |    87 |   107 |       ||   194
       Ice dragon scales |       |       |       |    11 |   270 ||   281
       Skin              |       |       |       |       |    49 ||    49
Dodge: Dodged            |    30 |    57 |   136 |   317 |   261 ||   801
